 Dungeon Crawl Stone Soup version 0.26.0-10-g1f06aea511 (webtiles) character file.

Game seed: 6694617081521933985

57 Dracia the Insei (level 4, -4/34 HPs)
             Began as a Gnoll Transmuter on Jan 14, 2021.
             Slain by an orc wizard
             ... wielding a +0 dagger
              (5 damage)
             ... on level 3 of the Dungeon.
             The game lasted 00:02:20 (1479 turns).

Dracia the Insei (Gnoll Transmuter)                 Turns: 1479, Time: 00:02:20

Health: -4/34      AC:  2    Str: 12    XL:     4   Next: 0%
Magic:  11/11      EV: 15    Int: 16    God:
Gold:   66         SH:  5    Dex: 16    Spells: 10/13 levels left

rFire    + . .     SeeInvis .     - Unarmed
rCold    + . .     Faith    .   (no shield)
rNeg     . . .     Spirit   .   a - +0 robe
rPois    .         Reflect  +   (helmet currently unavailable)
rElec    .         Harm     .   g - scarf {rC+ rF+}
rCorr    .         Rampage  .   (no gloves)
Will     .....                  (boots currently unavailable)
Stlth    +.........             c - amulet of reflection
HPRegen  0.11/turn              d - ring of attention (curse)
MPRegen  0.12/turn              (no ring)

@: appendages (expiring)
A: distributed training, fangs 1, horns 2, talons 2, strong nose
a: End Transformation


You were on level 3 of the Dungeon.
You had grown temporary horns.
You had grown temporary talons.
You visited 1 branch of the dungeon, and saw 3 of its levels.

You collected 66 gold pieces.


Innate Abilities, Weirdness & Mutations

Your experience applies equally to all skills.
You have very sharp teeth.
Your uncanny sense of smell can sniff out nearby items.
You have a pair of horns on your head.
You have razor-sharp toenails.


   Skills:
 + Level 2.7 Fighting
 + Level 1.0 Short Blades
 + Level 1.0 Long Blades
 + Level 1.0 Axes
 + Level 1.0 Maces & Flails
 + Level 1.0 Polearms
 + Level 1.0 Staves
 + Level 1.0 Slings
 + Level 1.0 Bows
 + Level 1.0 Crossbows
 + Level 1.0 Throwing
 + Level 1.0 Armour
 + Level 4.6 Dodging
 + Level 1.0 Stealth
 + Level 1.0 Shields
 + Level 6.5 Unarmed Combat
 + Level 5.0 Spellcasting
 + Level 0.7 Conjurations
 + Level 0.7 Hexes
 + Level 0.7 Summonings
 + Level 0.7 Necromancy
 + Level 0.7 Translocations
 + Level 3.8 Transmutations
 + Level 0.7 Fire Magic
 + Level 0.7 Ice Magic
 + Level 0.7 Air Magic
 + Level 0.7 Earth Magic
 + Level 0.7 Poison Magic
 + Level 1.1 Invocations
 + Level 1.0 Evocations


You had 10 spell levels left.
You knew the following spells:

 Your Spells              Type           Power        Failure   Level
e - Beastly Appendage     Tmut           32%          3%          1
X - Wereblood             Tmut           16%          4%          2

Your spell library contained the following spells:

 Spells                   Type           Power        Failure   Level
 Spider Form              Tmut/Pois      5%           19%         3
 Ice Form                 Ice/Tmut       11%          52%         4
 Blade Hands              Tmut           8%           65%         5

Inventory:

Armour
 a - a +0 robe (worn)
 g - a scarf of resistance (worn)
Jewellery
 c - an amulet of reflection (around neck)
 d - a cursed ring of attention (left hand)
Scrolls
 b - 2 scrolls of identify {@r1@r1}

Dungeon Overview and Level Annotations

Branches:
Dungeon (3/15)

Altars:
Ashenzari
Cheibriados

.... #.# ##.. #.# .....
#.# ##.)########## #.#
+...)........# #)#
.##..)....# #.#
.........#g# #.#.#
.........#o##.##.#.#
.........#@##.##.#.#
.......>.#.##.##.#.#####
.........#.##.##.#.....#
.........#.##.##.#####.#
.........#.##.##.# #.#
#.......#.##.##.# #.#
#.......# #.# ####.####
#.# #.########.##


You could see an orc wizard (fast) and a goblin.


Message History

The orc wizard barely misses you. The goblin barely misses you.
Unknown command.
The orc wizard points at you and mumbles some strange words.
The magic dart hits you.
* * * LOW HITPOINT WARNING * * *
The goblin closely misses you.
You hit the goblin but do no damage. You punch the goblin!
You kill the goblin!
The orc wizard barely misses you.
You have reached level 4!
You feel agile.
You hit the orc wizard but do no damage.
Your kick misses the orc wizard. Your punch misses the orc wizard.
You block the orc wizard's attack.
You barely miss the orc wizard. You claw the orc wizard.
Your headbutt misses the orc wizard. Your punch misses the orc wizard.
The orc wizard is moderately wounded.
The orc wizard gestures at you while chanting.
The magic dart hits you!
* * * LOW HITPOINT WARNING * * *
You closely miss the orc wizard. Your kick misses the orc wizard.
You bite the orc wizard, but do no damage.
The orc wizard is moderately wounded.
Your transformation is almost over.
The orc wizard points at you and mumbles some strange words.
The magic dart hits you.
* * * LOW HITPOINT WARNING * * *
The orc wizard hits you with a +0 dagger.
You die...

Skill      XL: |  1  2  3 |
---------------+----------+-----
Spellcasting   | 5 |  5.0
Invocations    | 1 |  1.1
Short Blades   | 1 |  1.0
Long Blades    | 1 |  1.0
Axes           | 1 |  1.0
Maces & Flails | 1 |  1.0
Polearms       | 1 |  1.0
Staves         | 1 |  1.0
Slings         | 1 |  1.0
Bows           | 1 |  1.0
Crossbows      | 1 |  1.0
Throwing       | 1 |  1.0
Armour         | 1 |  1.0
Stealth        | 1 |  1.0
Shields        | 1 |  1.0
Evocations     | 1 |  1.0
Fighting       | |  2.7
Dodging        | |  4.6
Unarmed Combat | |  6.5
Conjurations   | |  0.7
Hexes          | |  0.7
Summonings     | |  0.7
Necromancy     | |  0.7
Translocations | |  0.7
Transmutations | |  3.8
Fire Magic     | |  0.7
Ice Magic      | |  0.7
Air Magic      | |  0.7
Earth Magic    | |  0.7
Poison Magic   | |  0.7

Action                   |  1- 3 |  4- 6 || total
-------------------------+-------+-------++-------
Melee: Unarmed           |    66 |     3 ||    69
       Kick              |     7 |     1 ||     8
       Headbutt          |     6 |       ||     6
       Bite              |     7 |     1 ||     8
       Punch             |     1 |       ||     1
 Cast: Beastly Appendage |    18 |       ||    18
  Use: Scroll            |     4 |       ||     4
 Stab: Sleeping          |     2 |       ||     2
Armor: Robe              |     8 |       ||     8
Dodge: Dodged            |    42 |       ||    42
Block: Other             |     8 |     1 ||     9

Levels and vault maps discovered:
D:1:      erik_arrival_blinker_ship, layout_rooms, minivault_14,
          minmay_worlds_worst_comb
D:2:      layout_basic, kennysheep_slug_shrine, ashenzari_conservatory_becter,
          chequers_ecumenical_altar_simple_redux
D:3:      layout_basic, nicolae_dithmenos_shadow_blocks

Notes
Turn   | Place    | Note
-------+----------+-------------------------------------------
     0 | D:1      | Dracia the Gnoll Transmuter began the quest for the Orb.
     0 | D:1      | Reached XP level 1. HP: 17/17 MP: 6/6
   168 | D:1      | Reached XP level 2. HP: 19/23 MP: 5/7
   257 | D:1      | Learned a level 2 spell: Wereblood
   493 | D:1      | Reached XP level 3. HP: 28/28 MP: 7/9
   588 | D:1      | Reached skill level 5 in Spellcasting
   734 | D:2      | Found a snail-covered altar of Cheibriados.
   810 | D:2      | Identified a scarf of resistance (You found it on level 2
                  | of the Dungeon)
   867 | D:2      | Found a broken altar of Ashenzari.
   892 | D:2      | Found a faded altar of an unknown god.
   967 | D:2      | Reached skill level 1 in Invocations
  1209 | D:3      | Reached skill level 1 in Short Blades
  1209 | D:3      | Reached skill level 1 in Long Blades
  1209 | D:3      | Reached skill level 1 in Axes
  1209 | D:3      | Reached skill level 1 in Maces & Flails
  1209 | D:3      | Reached skill level 1 in Polearms
  1209 | D:3      | Reached skill level 1 in Staves
  1209 | D:3      | Reached skill level 1 in Slings
  1209 | D:3      | Reached skill level 1 in Bows
  1209 | D:3      | Reached skill level 1 in Crossbows
  1209 | D:3      | Reached skill level 1 in Throwing
  1209 | D:3      | Reached skill level 1 in Armour
  1209 | D:3      | Reached skill level 1 in Stealth
  1209 | D:3      | Reached skill level 1 in Shields
  1209 | D:3      | Reached skill level 1 in Evocations
  1477 | D:3      | Reached XP level 4. HP: 13/34 MP: 11/11
  1479 | D:3      | HP: 1/34 [orc wizard/magic dart (5)]
  1479 | D:3      | Slain by an orc wizard

Vanquished Creatures
  An adder (D:2)
  An ooze (D:1)
  2 dart slugs
  A leopard gecko (D:1)
  5 orcs (D:3)
  4 bats
  4 giant cockroaches (D:1)
  4 goblins
  4 hobgoblins
  A frilled lizard (D:1)
  3 kobolds (D:1)
  A rat (D:1)
31 creatures vanquished.

Table legend: (Time is in decaauts)
 A = Elapsed time spent in this place.
 B = Non-inter-level travel time spent in this place.
 C = Inter-level travel time spent in this place.
 D = Time resting spent in this place.
 E = Time spent auto-exploring this place.
 F = Levels seen in this place.
 G = Mean time per level.
                   A        B        C        D        E       F      G
               +--------+--------+--------+--------+--------+-----+--------+
         Total |   1473 |   1433 |     40 |    193 |   1038 |   3 |  491.0 |
       Dungeon |   1473 |   1433 |     40 |    193 |   1038 |   3 |  491.0 |
               +--------+--------+--------+--------+--------+-----+--------+

Top non-repeatable levels by time:
     D:1: 667 daAuts
     D:2: 511 daAuts
     D:3: 295 daAuts

Table legend:
 A = Non-vault XP
 B = Vault XP
 C = Vault XP percentage of total XP
 D = Non-vault monster count
 E = Vault monster count
 F = Vault count percentage of total count
                 A         B        C        D         E       F
            +---------+---------+-------+---------+---------+-------
      Total |      70 |      12 |  14.6 |      26 |       5 |  16.1
            +---------+---------+-------+---------+---------+-------
        D:1 |      31 |       8 |  20.5 |      13 |       4 |  23.5
        D:2 |      21 |       4 |  16.0 |       6 |       1 |  14.3
        D:3 |      18 |       0 |   0.0 |       7 |       0 |   0.0
            +---------+---------+-------+---------+---------+-------
